[Event "Titled Tuesday Blitz August 15 Early 2023"]
[White "Kovalevsky, Stanislav"]
[Black "Colas, Joshua"]
[WhiteFideId "13508598"]
[BlackFideId "2044447"]
[WhiteElo "2509"]
[BlackElo "2625"]
[Result "1-0"]
[Round "11"]
[TimeControl "180+1"]
[Date "2023.08.15"]
[WhiteClock "0:00:36"]
[BlackClock "0:00:31"]
[Board "63"]

1. c4 g6 2. Nc3 Bg7 3. g3 Nf6 4. Bg2 O-O 5. e4 d6 6. Nge2 Nc6 7. O-O e5 8. h3 h5 9. d3 Be6 10. Bg5 Qd7 11. Kh2 Nh7 12. Be3 f5 13. f4 Rae8 14. Qd2 h4 15. gxh4 fxe4 16. Nxe4 Bf5 17. N2g3 exf4 18. Bxf4 Nf6 19. Nxf5 Nxe4 20. Bxe4 gxf5 21. Bd5+ Kh8 22. Qd1 Bxb2 23. Rb1 Be5 24. Rxb7 Nd4 25. Qh5+ Qh7 26. Qxh7+ Kxh7 27. Rxc7+ Kh8 28. Rxa7 Bxf4+ 29. Rxf4 Re2+ 30. Kh1 Rb8 31. Ra8 Rxa8 32. Bxa8 Nc2 33. Rxf5 Ne3 34. Rf7 Nd1 35. a4 Nf2+ 36. Kg2 Nxd3+ 37. Kg3 Ne5 38. Rc7 Re3+ 39. Kf4 Rxh3 40. Kg5 Rg3+ 41. Kf6 Rg6+ 42. Kf5 Rg4 43. Bd5 Rg1 44. a5 Ra1 45. Kf6 Rxa5 46. Rc8+ Kh7 47. Be4+ 1-0


[Site "https://www.chess.com"]

[Event "Titled Tuesday Blitz August 15 Early 2023"]
[White "Berezin, Viktor"]
[Black "Belov, Alexei"]
[WhiteFideId "14107872"]
[BlackFideId "4128206"]
[WhiteElo "2507"]
[BlackElo "2619"]
[Result "1-0"]
[Round "11"]
[TimeControl "180+1"]
[Date "2023.08.15"]
[WhiteClock "0:00:27"]
[BlackClock "0:00:36"]
[Board "64"]

1. d4 d5 2. c4 e6 3. Nf3 Nf6 4. g3 Be7 5. Bg2 O-O 6. O-O dxc4 7. Qc2 a6 8. a4 Bd7 9. Qxc4 Bc6 10. Bf4 Nbd7 11. Nc3 Nb6 12. Qd3 Nbd5 13. Rfd1 Nxf4 14. gxf4 Bb4 15. Ne5 Bxg2 16. Kxg2 a5 17. Rac1 c6 18. Qg3 g6 19. Rd3 Nh5 20. Qg4 Qe7 21. Rh3 Kh8 22. Rg1 c5 23. Kf1 Rg8 24. Ne4 cxd4 25. Ng5 Rg7 26. Ngxf7+ Rxf7 27. Nxg6+ hxg6 28. Qxg6 Rc8 29. Rxh5+ Rh7 30. Rxh7+ Qxh7 31. Qf6+ 1-0


[Site "https://www.chess.com"]

[Event "Titled Tuesday Blitz August 15 Early 2023"]
[White "Mihailidis, Anastasios"]
[Black "Mendez Fortes, Eduardo Jesus"]
[WhiteFideId "4205588"]
[BlackFideId "3502376"]
[WhiteElo "2494"]
[BlackElo "2610"]
[Result "1-0"]
[Round "11"]
[TimeControl "180+1"]
[Date "2023.08.15"]
[WhiteClock "0:00:06"]
[BlackClock "0:00:20"]
[Board "65"]

1. e4 c5 2. Nf3 d6 3. d4 cxd4 4. Nxd4 Nf6 5. f3 a6 6. c4 g6 7. Nc3 Bg7 8. Be3 O-O 9. Be2 Nc6 10. O-O Bd7 11. Rc1 Qa5 12. Qd2 Rab8 13. Rfd1 Nxd4 14. Bxd4 b5 15. Nd5 Qxd2 16. Nxe7+ Kh8 17. Rxd2 bxc4 18. Rxc4 Bb5 19. Rb4 Rfe8 20. Bxf6 Bxf6 21. Nd5 Bg7 22. Bxb5 axb5 23. Rc2 Rec8 24. Rxc8+ Rxc8 25. Nc3 Rc5 26. Kf1 Bxc3 27. bxc3 Rxc3 28. Rxb5 Rc1+ 29. Kf2 Rc2+ 30. Kg3 Rxa2 31. Rd5 Ra6 32. h4 Kg7 33. Kf4 Kf6 34. g4 Ke6 35. Kg5 Ra4 36. Kh6 Ra3 37. f4 Rg3 38. f5+ Ke7 39. g5 Rg4 40. Kxh7 Kf8 41. h5 gxh5 42. g6 h4 43. Rxd6 h3 44. Rd8+ Ke7 45. Rd2 Kf6 46. e5+ Kxf5 47. gxf7 Rh4+ 48. Kg8 Rg4+ 49. Kf8 Ke6 50. Ke8 Ra4 51. f8=Q Ra8+ 52. Rd8 h2 53. Rxa8 h1=Q 54. Ra6+ Kd5 55. Qd6+ Kc4 56. Qc6+ Kb4 57. Qxh1 Kb5 58. Qc6+ Kb4 59. Ra4+ Kb3 60. Qc4+ Kb2 61. Ra2+ Kb1 62. Qc2# 1-0


[Site "https://www.chess.com"]

[Event "Titled Tuesday Blitz August 15 Early 2023"]
[White "Milosevic, Milos"]
[Black "Bazilius, Augustinas"]
[WhiteFideId "964875"]
[BlackFideId "12832251"]
[WhiteElo "2602"]
[BlackElo "2473"]
[Result "0-1"]
[Round "11"]
[TimeControl "180+1"]
[Date "2023.08.15"]
[WhiteClock "0:00:00"]
[BlackClock "0:01:01"]
[Board "66"]

1. e4 c5 2. Nf3 a6 3. Nc3 e6 4. g3 d5 5. Bg2 Nf6 6. Qe2 Be7 7. O-O Nc6 8. d3 O-O 9. a4 Nd4 10. Qd1 Nxf3+ 11. Qxf3 d4 12. Nd1 Nd7 13. Qe2 e5 14. f4 Qc7 15. f5 b6 16. g4 f6 17. h4 Bb7 18. Nf2 b5 19. g5 c4 20. g6 Rfc8 21. gxh7+ Kh8 22. h5 cxd3 23. cxd3 bxa4 24. h6 Bf8 25. Qh5 Nc5 26. Qg6 Bc6 27. Ng4 Be8 28. hxg7+ Bxg7 0-1


[Site "https://www.chess.com"]

[Event "Titled Tuesday Blitz August 15 Early 2023"]
[White "Altman, Joshua"]
[Black "slidingknight2775"]
[WhiteFideId "426210"]
[WhiteElo "2576"]
[BlackElo "2464"]
[Result "0-1"]
[Round "11"]
[TimeControl "180+1"]
[Date "2023.08.15"]
[WhiteClock "0:00:04"]
[BlackClock "0:00:14"]
[Board "67"]

1. Nf3 d5 2. d4 Nf6 3. c4 e6 4. Nc3 a6 5. cxd5 exd5 6. Bg5 c6 7. Qc2 Be7 8. e3 h6 9. Bh4 O-O 10. Bd3 Re8 11. O-O Ne4 12. Bxe7 Qxe7 13. Rae1 Nd7 14. Nd2 Ndf6 15. f3 Nxd2 16. Qxd2 Qd6 17. Qf2 c5 18. Ne2 Bd7 19. dxc5 Qxc5 20. Nd4 Rac8 21. Re2 Re7 22. Rc2 Qd6 23. Rfc1 Rxc2 24. Rxc2 Qe5 25. Re2 g6 26. h3 h5 27. f4 Qd6 28. f5 g5 29. Nf3 Nh7 30. h4 g4 31. Nd4 Nf6 32. g3 Qe5 33. Kg2 Kg7 34. b4 Ne4 35. Bxe4 Qxe4+ 36. Kh2 Qe5 37. a4 Bxa4 38. Re1 f6 39. Re2 Bd7 40. Re1 b6 41. Re2 a5 42. bxa5 bxa5 43. Re1 a4 44. Re2 a3 45. Re1 Qd6 46. Ra1 Re4 47. Qd2 Qe7 48. Re1 Re5 49. Re2 Bxf5 50. Nxf5+ Rxf5 51. Qd3 Qe4 52. Qxa3 Rf3 53. Qa7+ Kg6 54. Qd7 Rxe3 55. Rxe3 Qxe3 56. Qxd5 Qf2+ 57. Kh1 Qf3+ 58. Qxf3 gxf3 59. Kg1 Kf5 60. Kf2 Kg4 0-1


[Site "https://www.chess.com"]

[Event "Titled Tuesday Blitz August 15 Early 2023"]
[White "Lach, Aleksandra"]
[Black "Shapiro, Viktor"]
[WhiteFideId "1134299"]
[BlackFideId "4175700"]
[WhiteElo "2432"]
[BlackElo "2560"]
[Result "0-1"]
[Round "11"]
[TimeControl "180+1"]
[Date "2023.08.15"]
[WhiteClock "0:00:00"]
[BlackClock "0:00:08"]
[Board "68"]

1. Nf3 Nf6 2. g3 d5 3. Bg2 c5 4. O-O Nc6 5. d4 Bg4 6. dxc5 e6 7. Be3 Ne4 8. c3 Nxc5 9. b4 Ne4 10. b5 Nb8 11. Ne5 Bf5 12. Qa4 Nd7 13. Nd3 Be7 14. f3 Nd6 15. g4 Bg6 16. f4 O-O 17. Nd2 Nb6 18. Qd1 Nxb5 19. Rc1 Rc8 20. Qb3 a6 21. Ne5 Nd7 22. Nxg6 hxg6 23. a4 Nc5 24. Bxc5 Bxc5+ 25. Kh1 Nd6 26. Nf3 b5 27. Ne5 Be3 28. Rcd1 g5 29. f5 Bf4 30. Nd3 Be3 31. fxe6 fxe6 32. axb5 axb5 33. Rxf8+ Qxf8 34. Rf1 Qe8 35. Ne5 Nc4 36. Nf3 Qe7 37. Qc2 Rf8 38. Qd3 Rf4 39. Ra1 Rf8 40. Nd4 Qf6 41. Nxe6 Re8 42. Nc7 Rd8 43. Nxd5 Qe5 44. Qe4 Qxe4 45. Bxe4 Bf4 46. Ra7 Nd6 47. Ne7+ Kh8 48. Bd5 Nc4 49. Kg2 Ne3+ 50. Kf3 Nxd5 51. Nf5 Nxc3 52. Nxg7 Nd5 53. Ne6 Re8 54. Nd4 Re3+ 55. Kf2 Be5 56. Ra8+ Kg7 57. Nf3 Bf4 58. Ra7+ Re7 59. Ra5 Be3+ 60. Kg3 Nc3 61. h4 Ne4+ 62. Kh3 Rb7 63. hxg5 Bxg5 64. Kg2 Bd8 65. Ra6 Bf6 66. g5 Nxg5 67. Nh4 Nf7 68. Nf5+ Kg6 69. Ng3 Ng5 70. e4 Re7 71. Kf2 Nxe4+ 72. Kf3 Nxg3 73. Kxg3 Re3+ 74. Kf4 Rb3 75. Rb6 Rb4+ 76. Ke3 Rb1 77. Kd3 b4 78. Kc4 Rc1+ 79. Kxb4 Kf5 80. Rb5+ Be5 81. Ka5 Ke4 82. Rb7 Kd5 83. Rd7+ Bd6 84. Rh7 Kc6 85. Ka4 Rc3 0-1


[Site "https://www.chess.com"]

[Event "Titled Tuesday Blitz August 15 Early 2023"]
[White "Degenbaev, Aziz"]
[Black "ChainedDowntohell"]
[WhiteFideId "13802640"]
[WhiteElo "2544"]
[BlackElo "2555"]
[Result "1-0"]
[Round "11"]
[TimeControl "180+1"]
[Date "2023.08.15"]
[WhiteClock "0:00:18"]
[BlackClock "0:00:00"]
[Board "69"]

1. e4 c5 2. Nf3 d6 3. d4 cxd4 4. Qxd4 Nc6 5. Bb5 Bd7 6. Bxc6 Bxc6 7. Nc3 e5 8. Qd3 h6 9. Be3 Nf6 10. O-O-O Be7 11. h3 Qc7 12. g4 g5 13. h4 Nxg4 14. hxg5 Nxe3 15. Qxe3 b5 16. gxh6 Qa5 17. Kb1 Rc8 18. h7 Qb6 19. Qh6 b4 20. Nd5 Bxd5 21. Rxd5 Qxf2 22. Nd2 Kd7 23. Rf1 Qh4 24. Rxd6+ Ke8 25. Qg7 Rxh7 26. Qxe5 Rh5 27. Qg7 Bxd6 28. Qxf7+ Kd8 29. Nf3 Qh3 30. Rd1 Rc6 31. e5 Qf5 32. Qg8+ Kd7 33. Nd4 1-0


[Site "https://www.chess.com"]

[Event "Titled Tuesday Blitz August 15 Early 2023"]
[White "Jaskolka, Tomasz"]
[Black "Nosacheva, Mariya"]
[WhiteFideId "1170791"]
[BlackFideId "34111422"]
[WhiteElo "2552"]
[BlackElo "2399"]
[Result "1-0"]
[Round "11"]
[TimeControl "180+1"]
[Date "2023.08.15"]
[WhiteClock "0:02:04"]
[BlackClock "0:01:26"]
[Board "70"]

1. e4 c5 2. Nf3 d6 3. Bb5+ Nd7 4. a4 a6 5. Bc4 Ngf6 6. Nc3 e6 7. O-O Be7 8. d4 cxd4 9. Nxd4 O-O 10. Be3 b6 11. Nc6 Qe8 12. Bf4 e5 13. Bg5 Bb7 14. Nxe7+ Qxe7 15. Bd5 Nc5 16. Bxb7 Nxb7 17. Nd5 Qd8 18. Qf3 Qc8 19. Ne7+ 1-0


[Site "https://www.chess.com"]

[Event "Titled Tuesday Blitz August 15 Early 2023"]
[White "Pax-Pramana"]
[Black "Mikhaylova, Irina"]
[BlackFideId "4109040"]
[WhiteElo "2547"]
[BlackElo "2336"]
[Result "1/2-1/2"]
[Round "11"]
[TimeControl "180+1"]
[Date "2023.08.15"]
[WhiteClock "0:00:04"]
[BlackClock "0:00:07"]
[Board "71"]

1. e4 c5 2. Ne2 Nc6 3. Nbc3 d6 4. g3 e5 5. Bg2 Nf6 6. O-O Be7 7. Nd5 Nxd5 8. exd5 Nd4 9. c3 Nxe2+ 10. Qxe2 O-O 11. d3 Bd7 12. f4 Bf6 13. h3 Qe7 14. g4 exf4 15. Qxe7 Bxe7 16. Bxf4 Rfe8 17. Rab1 Rac8 18. Kf2 Bf8 19. Rfc1 h6 20. b4 c4 21. Bf1 Bb5 22. a4 Bxa4 23. dxc4 Bd7 24. b5 g5 25. Be3 b6 26. Ra1 Rc7 27. Bd4 Bg7 28. Bxg7 Kxg7 29. Bd3 Re5 30. Re1 Rxe1 31. Rxe1 Kf6 32. Ke3 Rc8 33. Rf1+ Kg7 34. Ra1 Rc7 35. Kd4 f6 36. Re1 Kf7 37. Re2 Rc8 38. Ra2 Rc7 39. Bf1 f5 40. gxf5 Bxf5 41. Rf2 Kg6 42. Re2 Kf6 43. Re8 Re7 44. Rf8+ Kg6 45. Bd3 Bxd3 46. Kxd3 Rf7 47. Re8 Rf6 48. Ke4 Rf4+ 49. Kd3 Rf3+ 50. Kd2 Rf2+ 51. Ke3 Rf6 52. Re7 Rf7 53. Re6+ Rf6 54. Re8 Rf7 55. Rd8 Kf5 56. Rxd6 h5 57. Rh6 h4 58. Re6 g4 59. hxg4+ Kxg4 60. Rg6+ Kf5 61. Rh6 Kg5 62. Rh8 Kg4 63. d6 Rd7 64. Rh6 Kg5 65. Re6 Kf5 66. Re7 Rxd6 67. Rxa7 Re6+ 68. Kf3 Rd6 69. Rf7+ Ke6 70. Rh7 Rd3+ 71. Ke2 Rxc3 72. Rxh4 Ke5 73. Kd2 Rg3 74. Kc2 Rf3 75. Rg4 Rh3 76. Kd2 Rf3 77. Rg6 Kd4 78. Rc6 Rf2+ 79. Ke1 Rb2 80. Rxb6 Kxc4 81. Rb8 Rxb5 82. Rxb5 Kxb5 1/2-1/2


[Site "https://www.chess.com"]

[Event "Titled Tuesday Blitz August 15 Early 2023"]
[White "crazy_m_attack"]
[Black "Fuzesabonyilaci"]
[WhiteElo "2322"]
[BlackElo "2413"]
[Result "0-1"]
[Round "11"]
[TimeControl "180+1"]
[Date "2023.08.15"]
[WhiteClock "0:00:00"]
[BlackClock "0:00:08"]
[Board "72"]

1. e4 c5 2. Nf3 d6 3. d4 cxd4 4. Nxd4 Nf6 5. Nc3 Nc6 6. Be2 e5 7. Nf3 Be7 8. Bg5 Be6 9. O-O O-O 10. Bxf6 Bxf6 11. Nd5 Ne7 12. Nxf6+ gxf6 13. Nh4 f5 14. exf5 Nxf5 15. Nxf5 Bxf5 16. Bd3 Be6 17. f4 Kh8 18. f5 Bd5 19. f6 Rg8 20. g3 Qb6+ 21. Rf2 e4 22. Be2 Qxb2 23. Rb1 Qe5 24. Rb5 e3 25. Rg2 Rg5 26. c4 Qxf6 27. cxd5 b6 28. Rb3 Re5 29. Qf1 Qg7 30. Bf3 Rc8 31. Re2 Qg5 32. Kg2 f5 33. Rb4 Rg8 34. Kh1 Qh6 35. Qe1 Rc8 36. Kg2 Qg5 37. Kh1 h6 38. Qf1 Rc3 39. Re1 e2 40. Bxe2 Rce3 41. Rbb1 Qe7 42. Kg2 Rxe2+ 43. Rxe2 Rxe2+ 44. Kg1 Qe3+ 45. Kh1 Qe4+ 46. Kg1 Qd4+ 47. Kh1 Qxd5+ 48. Kg1 Qd4+ 49. Kh1 Qd5+ 50. Kg1 Qd2 51. Rd1 Qe3+ 52. Kh1 Rf2 53. Qg1 Qf3+ 0-1


[Site "https://www.chess.com"]

[Event "Titled Tuesday Blitz August 15 Early 2023"]
[White "Akylbek2021"]
[Black "Gritsenko, Nikolai"]
[BlackFideId "14112493"]
[WhiteElo "2370"]
[BlackElo "2711"]
[Result "0-1"]
[Round "11"]
[TimeControl "180+1"]
[Date "2023.08.15"]
[WhiteClock "0:00:05"]
[BlackClock "0:00:13"]
[Board "73"]

1. d4 d5 2. Bf4 c6 3. Nc3 Bf5 4. e3 Nf6 5. f3 e6 6. g4 Bg6 7. h4 h6 8. Qd2 Nbd7 9. O-O-O Qa5 10. Bd3 Bxd3 11. cxd3 c5 12. dxc5 Nxc5 13. Kb1 d4 14. exd4 Na4 15. Nge2 Bb4 16. g5 Nd5 17. Rc1 hxg5 18. Bxg5 Rc8 19. Nxd5 Bxd2 20. Rxc8+ Kd7 21. Rxh8 Bxg5 22. Ndc3 Bf6 23. Nxa4 Qxa4 24. Rc1 Qb5 25. Rc3 Qf5 26. Rhc8 Bd8 27. f4 Qg4 28. Rc2 Qxh4 29. R8c5 Qe1+ 30. Nc1 g6 31. d5 e5 32. fxe5 Qxe5 33. Nb3 b6 34. R5c4 Qf5 35. Re4 g5 36. Rce2 Qf1+ 37. Kc2 f5 38. Re5 f4 39. Nd4 f3 40. Rd2 g4 41. Rf5 Qg1 42. Ne6 Be7 43. Rf7 Qe3 44. Rf5 Kd6 45. Rf7 g3 46. Rf5 g2 47. Nf4 g1=Q 48. Rf7 Qc5+ 49. Kb3 Qb5+ 50. Kc2 Qa4+ 51. Kc3 Qgd4# 0-1


[Site "https://www.chess.com"]

[Event "Titled Tuesday Blitz August 15 Early 2023"]
[White "Weetik, Vjacheslav"]
[Black "LeoLV10"]
[WhiteFideId "4153472"]
[WhiteElo "2703"]
[BlackElo "2477"]
[Result "1-0"]
[Round "11"]
[TimeControl "180+1"]
[Date "2023.08.15"]
[WhiteClock "0:00:36"]
[BlackClock "0:00:10"]
[Board "74"]

1. d4 Nf6 2. c4 e6 3. g3 d5 4. Nf3 dxc4 5. Bg2 Be7 6. O-O O-O 7. Qc2 c6 8. Qxc4 Nbd7 9. e3 Nb6 10. Qe2 Qc7 11. e4 Nfd7 12. Bf4 Bd6 13. Bxd6 Qxd6 14. e5 Qe7 15. Nc3 Nd5 16. Nxd5 cxd5 17. Rac1 Nb6 18. b3 Bd7 19. Rc7 Rfc8 20. Rfc1 Qe8 21. Qd2 Bc6 22. Rxc8 Rxc8 23. a4 a6 24. Bf1 Na8 25. Bd3 Nc7 26. h4 Qd7 27. Qc2 h6 28. Qd2 Ne8 29. Bb1 b5 30. a5 b4 31. Qxb4 Rb8 32. Qc3 Bb5 33. Qc2 g6 34. h5 Qe7 35. hxg6 f5 36. exf6 Nxf6 37. Ne5 Ne4 38. Qc7 Qxc7 39. Rxc7 Be2 40. Bxe4 dxe4 41. Nd7 Rxb3 42. Nf6+ Kh8 43. Rh7# 1-0


[Site "https://www.chess.com"]

[Event "Titled Tuesday Blitz August 15 Early 2023"]
[White "Veiga, Jose Francisco R P Neves"]
[Black "Devaev, Alexander"]
[WhiteFideId "1930087"]
[BlackFideId "4169395"]
[WhiteElo "2659"]
[BlackElo "2474"]
[Result "1/2-1/2"]
[Round "11"]
[TimeControl "180+1"]
[Date "2023.08.15"]
[WhiteClock "0:00:08"]
[BlackClock "0:00:10"]
[Board "75"]

1. c4 c5 2. Nc3 e6 3. e4 d6 4. g3 a6 5. Bg2 Nc6 6. Nge2 Rb8 7. O-O b5 8. cxb5 axb5 9. d4 cxd4 10. Nxd4 Nxd4 11. Qxd4 b4 12. Nb1 Nf6 13. Rd1 e5 14. Qd3 Be7 15. a3 O-O 16. axb4 Rxb4 17. Nc3 Be6 18. h3 Qb8 19. Bg5 Rxb2 20. Bxf6 gxf6 21. Bf3 Rb3 22. Bg4 Qc8 23. Nd5 Rxd3 24. Nxe7+ Kg7 25. Rxd3 Qd7 26. Nf5+ Bxf5 27. Bxf5 Qc7 28. Rad1 Rd8 29. h4 h6 30. Kg2 Qb6 31. R1d2 Qc5 32. Rd5 Qb4 33. g4 Qb6 34. R2d3 Qb8 35. Ra3 Qb6 36. Rd2 Rb8 37. Rad3 Rd8 38. Rd5 Qc7 39. Rb2 Rb8 40. Rbd2 Rb6 41. Ra5 Rb2 42. Rxb2 Qxa5 43. Rb7 Qa6 44. Rd7 Kf8 45. Kg3 Qd3+ 46. Kg2 Qd2 47. Rd8+ Ke7 48. Rd7+ Ke8 49. h5 Qd4 50. Kg3 Qc5 51. Kg2 Qa3 52. Rb7 Qc3 53. Rb8+ Ke7 54. Rb7+ Kf8 55. Rd7 Qb4 56. Rd8+ Kg7 57. Rd7 Kg8 58. Rd8+ Kg7 59. Rd7 Kf8 60. Rd8+ Ke7 61. Rc8 Qb6 62. Rc3 Qd4 63. Rc7+ Kf8 64. Rd7 Qc5 65. Rd8+ Ke7 66. Rc8 Qa5 67. Rb8 d5 68. Rb7+ Kf8 69. Rb8+ Kg7 70. Rb7 dxe4 71. Bxe4 Qc5 72. Rd7 Kf8 73. Bd5 Qd4 74. Rxf7+ Ke8 75. Be6 Qf4 76. Rg7 e4 77. Bf5 Qf3+ 78. Kg1 Kf8 79. Rg6 Ke7 80. Rg7+ Kd6 81. Rf7 Ke5 82. Re7+ Kd4 83. Rxe4+ Kc5 84. Re3 Qd1+ 85. Kg2 Qd6 86. Rc3+ Kb6 87. Rd3 Qe5 88. Re3 Qd5+ 89. Rf3 Qd4 90. Kg3 Qe5+ 91. Kg2 Qd5 92. Bd3 Qd4 93. Bf5 Qe5 94. Re3 Qf4 95. Kg1 Kc5 96. Re4 Qc1+ 97. Kg2 Qb2 98. Re6 Qd4 99. Re4 Qd6 100. Kf3 Qd1+ 101. Kg2 Qd2 102. Re3 Qd4 103. Re4 Qd5 104. Kf3 Kd6 105. Ke3 Qb3+ 106. Kf4 Qb2 107. Kg3 Kc7 108. Re3 Qd4 109. Rd3 Qe5+ 110. Kg2 Qf4 111. Rf3 Qe5 112. Rd3 Qc5 113. Kf3 Kb6 114. Ke2 Qc6 115. Re3 Qb5+ 116. Bd3 Qb2+ 117. Kf3 Qd4 118. Bf5 Qd5+ 119. Re4 Qd1+ 120. Kg3 Qd2 121. Kg2 Qd1 122. Rb4+ Kc5 123. Re4 Qd2 124. Re3 Qd4 125. Re4 1/2-1/2


[Site "https://www.chess.com"]

[Event "Titled Tuesday Blitz August 15 Early 2023"]
[White "Pandey Srishti"]
[Black "Gamayev, Oleg"]
[WhiteFideId "35093290"]
[BlackFideId "2802813"]
[WhiteElo "2469"]
[BlackElo "2597"]
[Result "0-1"]
[Round "11"]
[TimeControl "180+1"]
[Date "2023.08.15"]
[WhiteClock "0:00:00"]
[BlackClock "0:00:04"]
[Board "76"]

1. e4 d6 2. d4 Nf6 3. Nc3 e5 4. Nf3 exd4 5. Nxd4 Be7 6. Be2 O-O 7. O-O Re8 8. f4 Bf8 9. Bf3 c6 10. Nde2 Nbd7 11. Ng3 Nc5 12. Be3 Qc7 13. a3 a5 14. b3 h6 15. Rb1 Bd7 16. b4 axb4 17. axb4 Na4 18. Nxa4 Rxa4 19. c4 Ra3 20. Re1 Qb8 21. Bf2 Ra2 22. c5 dxc5 23. e5 Nd5 24. Bxd5 cxd5 25. Bxc5 Bxc5+ 26. bxc5 Qa7 27. Qd4 Ra4 28. Qxd5 Bc6 29. Qd6 Ra2 30. Re2 Qa5 31. Rbe1 Rxe2 32. Rxe2 Rd8 33. Qe7 Rd1+ 34. Nf1 Qb4 35. Rf2 Qd4 36. Qd6 Qa1 37. Qc7 Qb1 38. e6 fxe6 39. Qe5 Qb3 40. f5 exf5 41. Qxf5 Qd5 42. Qf8+ Kh7 43. h3 Bb5 44. Qf4 Qxc5 45. Qe4+ Kh8 0-1


[Site "https://www.chess.com"]

[Event "Titled Tuesday Blitz August 15 Early 2023"]
[White "Ibadov, Dashgyn"]
[Black "Womacka, Mathias"]
[WhiteFideId "24107514"]
[BlackFideId "4611390"]
[WhiteElo "2594"]
[BlackElo "2464"]
[Result "1-0"]
[Round "11"]
[TimeControl "180+1"]
[Date "2023.08.15"]
[WhiteClock "0:00:06"]
[BlackClock "0:00:00"]
[Board "77"]

1. e4 c5 2. Nf3 d6 3. d4 cxd4 4. Nxd4 Nf6 5. Nc3 a6 6. Bg5 e6 7. f4 h6 8. Bh4 Qb6 9. Qd3 Qxb2 10. Rb1 Qa3 11. f5 Be7 12. Be2 Nxe4 13. Nxe4 Qxd3 14. cxd3 Bxh4+ 15. g3 Be7 16. fxe6 fxe6 17. Bh5+ Kd8 18. Bg4 d5 19. Nd2 e5 20. Ne6+ Bxe6 21. Bxe6 Kc7 22. Bxd5 Nc6 23. Nc4 Bb4+ 24. Kf2 Rhf8+ 25. Kg2 Bc5 26. Rhc1 Bd4 27. Na5 Rf2+ 28. Kh3 Kd6 29. Bxc6 bxc6 30. Rxc6+ Kd5 31. Rg6 Rc8 32. Nc4 Rcf8 33. Rbb6 Bxb6 34. Nxb6+ Kd4 35. Rd6+ Kc5 36. Rg6 1-0


[Site "https://www.chess.com"]

[Event "Titled Tuesday Blitz August 15 Early 2023"]
[White "Ljukin, Sergei"]
[Black "Golubev, Mikhail"]
[WhiteFideId "14102200"]
[BlackFideId "14100983"]
[WhiteElo "2454"]
[BlackElo "2593"]
[Result "1-0"]
[Round "11"]
[TimeControl "180+1"]
[Date "2023.08.15"]
[WhiteClock "0:00:02"]
[BlackClock "0:00:15"]
[Board "78"]

1. e4 c5 2. Nf3 d6 3. d4 cxd4 4. Nxd4 Nf6 5. Nc3 g6 6. Be3 Bg7 7. f3 Nc6 8. Qd2 O-O 9. O-O-O d5 10. Kb1 Nxd4 11. e5 Nf5 12. exf6 exf6 13. Nxd5 Nxe3 14. Qxe3 Be6 15. Bc4 f5 16. Bb3 Re8 17. Qc5 b6 18. Qb5 Rc8 19. c3 Qg5 20. g3 f4 21. gxf4 Qg2 22. Bc2 Qxf3 23. Rhf1 Qh3 24. f5 gxf5 25. Rg1 Kh8 26. Nc7 Rg8 27. Nd5 Rc5 28. Qb3 Qxh2 29. c4 f4 30. Rh1 Qg3 31. Rxh7# 1-0


[Site "https://www.chess.com"]

[Event "Titled Tuesday Blitz August 15 Early 2023"]
[White "Ivanov, Alexey"]
[Black "dr_tatiana"]
[WhiteFideId "4167635"]
[WhiteElo "2577"]
[BlackElo "2447"]
[Result "1-0"]
[Round "11"]
[TimeControl "180+1"]
[Date "2023.08.15"]
[WhiteClock "0:01:13"]
[BlackClock "0:00:00"]
[Board "79"]

1. Nf3 d5 2. c4 c6 3. e3 e6 4. Qc2 Nf6 5. b3 Be7 6. Bb2 O-O 7. h3 Ne4 8. d3 Ng5 9. Nbd2 Nxf3+ 10. Nxf3 c5 11. cxd5 exd5 12. Be2 Nc6 13. a3 Bf5 14. O-O Rc8 15. Rac1 b6 16. Rfd1 Bf6 17. Qb1 Bxb2 18. Qxb2 Qe7 19. d4 Be4 20. dxc5 bxc5 21. Nd2 f5 22. Nxe4 dxe4 23. Rd5 Nd8 24. Qe5 Qb7 25. Rdxc5 Rxc5 26. Qxc5 h6 27. Bc4+ Nf7 28. b4 Qd7 29. Qd5 Qe7 30. Qe6 Qg5 31. g3 Kh8 32. Be2 Nd8 33. Qd5 Qf6 34. Rc8 Kh7 35. Kg2 Ne6 36. Rc6 1-0


[Site "https://www.chess.com"]

[Event "Titled Tuesday Blitz August 15 Early 2023"]
[White "Zavgorodniy, Sergiy"]
[Black "Efremov, Vladislav"]
[WhiteFideId "14110148"]
[BlackFideId "44159935"]
[WhiteElo "2573"]
[BlackElo "2435"]
[Result "1-0"]
[Round "11"]
[TimeControl "180+1"]
[Date "2023.08.15"]
[WhiteClock "0:01:12"]
[BlackClock "0:00:02"]
[Board "80"]

1. d4 Nf6 2. c4 g6 3. Nc3 Bg7 4. e4 d6 5. Be2 O-O 6. Nf3 e5 7. O-O h6 8. Re1 Nc6 9. d5 Ne7 10. Be3 Nh7 11. Nd2 f5 12. f3 f4 13. Bf2 Nf6 14. c5 g5 15. a4 a5 16. cxd6 cxd6 17. Nb5 h5 18. Rc1 Ne8 19. Nc4 Bh6 20. Nb6 Rb8 21. Qd2 g4 22. Nxc8 Rxc8 23. fxg4 Rxc1 24. Qxc1 Nf6 25. gxh5 Nxe4 26. Bg4 Nxf2 27. Kxf2 Kg7 28. Qc2 Qb6+ 29. Kf1 Rf6 30. Be6 f3 31. g4 Bf4 32. h4 Bg3 33. Rc1 Bxh4 34. Nc7 Kh6 35. Nb5 Bg5 36. Rd1 Qe3 37. Qd3 f2 38. Qxe3 Bxe3 39. Nxd6 Kg5 40. Ne4+ Kf4 41. Nxf6 b5 42. d6 Nf5 43. Bxf5 e4 44. d7 Kg3 45. Nxe4+ Kf4 46. d8=Q Kf3 47. Qh4 Kf4 48. Qg3# 1-0


[Site "https://www.chess.com"]

[Event "Titled Tuesday Blitz August 15 Early 2023"]
[White "Chor, Kevin"]
[Black "ExchangeAB"]
[WhiteFideId "2090740"]
[WhiteElo "2567"]
[BlackElo "2432"]
[Result "0-1"]
[Round "11"]
[TimeControl "180+1"]
[Date "2023.08.15"]
[WhiteClock "0:00:07"]
[BlackClock "0:00:12"]
[Board "81"]

1. d4 Nf6 2. Nf3 c6 3. c4 d5 4. g3 e6 5. Qc2 Bb4+ 6. Bd2 Be7 7. Bg2 O-O 8. O-O Nbd7 9. Bf4 Nb6 10. Nbd2 dxc4 11. e4 c5 12. dxc5 Bxc5 13. Nxc4 Qe7 14. Rfd1 Nxc4 15. Qxc4 b6 16. Bg5 e5 17. Rd5 Be6 18. Re1 h6 19. Bd2 Rac8 20. Qe2 Bxd5 21. exd5 Nxd5 22. Nh4 Qd7 23. Rd1 Bd4 24. Qh5 Nf6 25. Qf3 Qg4 26. Qxg4 Nxg4 27. Bh3 f5 28. Nxf5 Rxf5 29. Bxg4 Rxf2 30. Be1 Rd2+ 31. Kf1 Rxd1 32. Bxc8 Bxb2 33. Be6+ Kh8 34. Ke2 Rd8 35. Bb3 Bd4 36. Kf3 Rf8+ 37. Ke4 Rf1 38. Bb4 Rh1 39. h4 Rg1 40. Kf3 Bc5 41. Bc3 e4+ 42. Kf4 e3 43. Kf5 e2 44. g4 e1=Q 45. Kg6 Qxc3 46. Bf7 Qf6+ 47. Kh5 Rxg4 48. Be6 Qg6# 0-1


[Site "https://www.chess.com"]

[Event "Titled Tuesday Blitz August 15 Early 2023"]
[White "Todorovic, Bojan"]
[Black "Przybylski, Wojciech"]
[WhiteFideId "917087"]
[BlackFideId "1117599"]
[WhiteElo "2429"]
[BlackElo "2563"]
[Result "0-1"]
[Round "11"]
[TimeControl "180+1"]
[Date "2023.08.15"]
[WhiteClock "0:01:10"]
[BlackClock "0:01:39"]
[Board "82"]

1. d4 Nf6 2. c4 e6 3. Nf3 b6 4. g3 Ba6 5. b3 Bb4+ 6. Bd2 Be7 7. Bg2 O-O 8. O-O d5 9. Ne5 c6 10. Bc3 Nfd7 11. Nxd7 Nxd7 12. Nd2 Rc8 13. e4 b5 14. Re1 bxc4 15. bxc4 dxc4 16. Bf1 Nb6 17. a4 c5 18. a5 cxd4 19. axb6 dxc3 20. Nf3 Qxb6 21. Qd7 Rc7 22. Qa4 Bb5 23. Qc2 Bb4 24. Reb1 a5 25. Ne5 f6 26. Ng4 Rd8 27. Rd1 Rd2 28. Rxd2 cxd2 29. Ne3 c3 0-1


[Site "https://www.chess.com"]

[Event "Titled Tuesday Blitz August 15 Early 2023"]
[White "Rozhkov, Viacheslav"]
[Black "Musovic, Armin"]
[WhiteFideId "4181484"]
[BlackFideId "939935"]
[WhiteElo "2416"]
[BlackElo "2561"]
[Result "1-0"]
[Round "11"]
[TimeControl "180+1"]
[Date "2023.08.15"]
[WhiteClock "0:01:38"]
[BlackClock "0:01:04"]
[Board "83"]

1. e4 c6 2. d3 d5 3. Nd2 g5 4. Be2 Bg7 5. c3 h6 6. h4 gxh4 7. Rxh4 e6 8. Ngf3 Ne7 9. d4 Ng6 10. Rh2 Nd7 11. e5 a6 12. Nf1 c5 13. Ng3 cxd4 14. cxd4 Qb6 15. Bd3 Qb4+ 16. Kf1 b6 17. Qc2 Ngf8 18. Nh5 Rg8 19. Bh7 Nxh7 20. Qxh7 Qf8 21. Rh3 f5 22. Rg3 Ra7 23. Rxg7 Rxg7 24. Nxg7+ 1-0


[Site "https://www.chess.com"]